 Dungeon Crawl Stone Soup version 0.16-a0-1794-gf7beed7 (webtiles) character file.

93 timbw the Slasher (level 4, -5/41 HPs)
             Began as a Troll Gladiator on Nov 2, 2014.
             Shot with an arrow by a centaur (12 damage)
             ... on level 5 of the Dungeon.
             The game lasted 00:03:05 (569 turns).

timbw the Slasher (Troll Gladiator)                  Turns: 569, Time: 00:03:05

Health: -5/41      AC:  5    Str: 23    XL:     4   Next: 37%
Magic:  2/2        EV: 10    Int:  4    God:
Gold:   13         SH:  0    Dex: 11    Spells: 0 memorised, 3 levels left

rFire  . . .     SeeInvis .     a - +0 long sword
rCold  . . .     Clarity  .     b - +0 animal skin
rNeg   . . .     SustAb   .     (shield restricted)
rPois  .         Gourm    +     c - +0 hat
rElec  .         Spirit   .     (no cloak)
rCorr  .         Warding  .     (gloves unavailable)
rMut   .         Stasis   .     (boots unavailable)
MR     .....                    (no amulet)
Stlth  +.........               (no ring)
                                l - ring of flight

@: not resistant to hostile enchantments, very unstealthy
A: unfitting armour, claws 3, fast metabolism 3, gourmand, regeneration 2,
shaggy fur 1, tough skin 2
a: Evoke Flight


You were on level 5 of the Dungeon.
You were hungry.

You visited 1 branch of the dungeon, and saw 5 of its levels.

You collected 13 gold pieces.

Inventory:

Hand weapons
 a - a +0 long sword (weapon)
Missiles
 d - a throwing net (quivered)
 g - 3 steel javelins
Armour
 b - a +0 animal skin (worn)
 c - a +0 hat (worn)
Jewellery
 l - a ring of flight (left claw)
Scrolls
 e - 6 scrolls of identify {unknown}
 j - a scroll of magic mapping {unknown}
 m - a scroll of remove curse {unknown}
Potions
 h - a potion of lignification {unknown}
 k - a potion of restore abilities {unknown}
Comestibles
 f - 2 meat rations
 i - a bread ration


   Skills:
 - Level 1.5 Fighting
 + Level 4.3 Long Blades
 - Level 1.7 Throwing
 - Level 2.4 Dodging


You had 3 spell levels left.
You didn't know any spells.

Dungeon Overview and Level Annotations

Branches:
Dungeon (5/15)
 Temple: D:4-7

Altars:
Vehumet


Innate Abilities, Weirdness & Mutations

You are too large for most types of armour.
You have claws for hands.
Your metabolism is lightning-fast.
You like to eat raw meat.
You heal very quickly.
You are covered in fur (AC +1).
You have very tough skin (AC +2).


Message History

Items here: ) [ †† a dagger; a robe; an orc corpse; a worker ant corpse
d - 2 throwing nets (gained 1)
A centaur comes into view.
The centaur shouts!
The centaur wields a shortbow.
The centaur shoots an arrow.
The arrow barely misses you.
The centaur shoots an arrow.
The arrow hits you.
* * * LOW HITPOINT WARNING * * *
You see here an arrow.
Throwing (i - inventory. (,) - cycle):
d - 2 throwing nets (quivered)
Press: ? - help, Shift-Dir - straight line, f - centaur
Aim: a centaur, wielding a shortbow You throw a throwing net.
The throwing net hits the centaur.
The centaur is caught in the net!
The centaur struggles against the net.
A bat comes into view.
The centaur struggles against the net.
The net rips apart, and the centaur comes free!
The centaur shoots an arrow.
The arrow hits you!
You die...

. . .## #+#.. #.#.#
#.#(# .######.#.#####
....(.(.(..)..#
.####..?@.###.......#
##...<# ####.####
##.#.......!#
#c######### #. #b #.
#. .


You could see a centaur and a bat.

Vanquished Creatures
  An orc wizard (D:5)
  A worker ant (D:5)
  3 adders
  A giant gecko (D:2)
  A bat (D:3)
  A bat skeleton (D:4)
  4 hobgoblins
  A ball python (D:2)
  A goblin (D:1)
  3 kobolds
  4 rats
21 creatures vanquished.

Notes
Turn   | Place    | Note
--------------------------------------------------------------
     0 | D:1      | timbw, the Troll Gladiator, began the quest for the Orb.
     0 | D:1      | Reached XP level 1. HP: 19/19 MP: 1/1
   219 | D:2      | Reached XP level 2. HP: 27/27 MP: 1/1
   252 | D:2      | Found a radiant altar of Vehumet.
   262 | D:2      | Reached skill level 3 in Long Blades
   360 | D:3      | Reached XP level 3. HP: 30/33 MP: 2/2
   536 | D:5      | Entered Level 5 of the Dungeon
   551 | D:5      | HP: 1/33 [worker ant (5)]
   552 | D:5      | Reached skill level 4 in Long Blades
   552 | D:5      | Reached XP level 4. HP: 1/41 MP: 2/2
   566 | D:5      | Noticed a centaur
   569 | D:5      | Shot with an arrow by a centaur

Action                   |  1- 3 |  4- 6 || total
-------------------------+-------+-------++-------
Melee: Long sword        |    75 |       ||    75
Throw: Throwing net      |     3 |     1 ||     4
       Javelin           |       |     4 ||     4
 Stab: Held in net/web   |     1 |       ||     1
  Eat: Chunk             |     2 |       ||     2
